[ PARTIDA AOE2 · #486377931 ]
UnrankedKitán vs Shu
Equipo del jugador · DERR
Equipo rival · VICT
[ ANÁLISIS DE REPETICIÓN · EXTRAÍDO DE LA PARTIDA GRABADA ]
Feudal
—
Castillos
—
Imperial
—
| APM promedio | 43.9 |
| APM pico | 77 |
| eAPM promedio | 10.5 |
| Aldeanos / militares | 19 / 0 |
Foco
⚔️ 10.6% · 🌾 89.4%
Feudal
—
Castillos
—
Imperial
—
| APM promedio | 69.1 |
| APM pico | 81 |
| eAPM promedio | 13.1 |
| Aldeanos / militares | 16 / 0 |
Foco
⚔️ 19.0% · 🌾 81.0%
Mapa de la partida
Recursos iniciales + cada clic de construcción. Líneas = muros · curvas = relieve. ◆ oro · ⬟ piedra · ● bayas · ✦ reliquia · ◌ hueco del cierre
Tu base
Base de Champi Warrior
Terreno inicial suavizado · ◌ = hueco del cierre detectado · pasá el cursor para detalles
Inputs por minuto
— Fs.Jubileu - - Champi Warrior
Build order — Fs.Jubileu
23 acciones detectadas en el replay
| 0:00 | Crear | Villager (Male) |
| 0:00 | Crear | Villager (Male) |
| 0:00 | Crear | Villager (Male) |
| 0:00 | Crear | Villager (Male) |
| 0:00 | Crear | Villager (Male) |
| 0:00 | Crear | Villager (Male) |
| 0:00 | Crear | Villager (Male) |
| 0:00 | Crear | Villager (Male) |
| 0:00 | Crear | Villager (Male) |
| 0:00 | Crear | Villager (Male) |
| 0:02 | Construir | House |
| 0:03 | Construir | House |
| 1:31 | Crear | Villager (Male) |
| 2:00 | Crear | Villager (Male) |
| 2:13 | Crear | Villager (Male) |
| 2:44 | Crear | Villager (Male) |
| 3:03 | Crear | Villager (Male) |
| 3:03 | Crear | Villager (Male) |
| 3:04 | Construir | House |
| 3:30 | Crear | Villager (Male) |
| 3:41 | Construir | Barracks |
| 4:00 | Crear | Villager (Male) |
| 4:14 | Crear | Villager (Male) |
Build order — Champi Warrior
21 acciones detectadas en el replay
| 0:00 | Crear | Villager (Male) |
| 0:00 | Crear | Villager (Male) |
| 0:01 | Crear | Villager (Male) |
| 0:01 | Crear | Villager (Male) |
| 0:01 | Crear | Villager (Male) |
| 0:02 | Construir | House |
| 0:03 | Construir | House |
| 1:33 | Crear | Villager (Male) |
| 1:49 | Construir | Lumber Camp |
| 1:57 | Crear | Villager (Male) |
| 2:21 | Crear | Villager (Male) |
| 2:43 | Crear | Villager (Male) |
| 2:43 | Crear | Villager (Male) |
| 3:11 | Crear | Villager (Male) |
| 3:12 | Crear | Villager (Male) |
| 3:43 | Crear | Villager (Male) |
| 3:43 | Crear | Villager (Male) |
| 3:52 | Construir | House |
| 4:30 | Crear | Villager (Male) |
| 4:45 | Construir | Barracks |
| 4:54 | Crear | Villager (Male) |
Cronología de la partida
| 3:41 | Fs.Jubileu · first_building Barracks |
| 4:45 | Champi Warrior · first_building Barracks |
| 4:56 | Fs.Jubileu · resign |
[ ANÁLISIS IA · 1 CRÉDITO ]
¿Qué pasó realmente en esta partida?
Wolo.gg analiza cada decisión: build order, eco, micro, errores típicos por bracket. Análisis personalizado por WhatsApp o Discord en 30 segundos.
Guía civ
Kitán
Perfil
Fs.F1re eh Meu Pai